 Dungeon Crawl Stone Soup version 0.21-a0-81-gc5150db (webtiles) character file.

93 kuniqs the Shield-Bearer (level 4, -3/24 HPs)
             Began as a Vine Stalker Fighter on June 23, 2017.
             Killed by nerve-wracking pain
             ... invoked by Grinder
              (5 damage)
             ... on level 3 of the Dungeon.
             The game lasted 00:02:26 (2103 turns).

kuniqs the Shield-Bearer (Vine Stalker Fighter)     Turns: 2103, Time: 00:02:27

Health: -3/24      AC:  6    Str: 19    XL:     4   Next: 61%
Magic:  0/5        EV:  7    Int:  8    God:
Gold:   147        SH: 13    Dex: 16    Spells: 3/3 levels left

rFire    . . .     SeeInvis .   i - +2 dagger (drain)
rCold    . . .     Gourm    .   c - +0 shield
rNeg     . . .     Faith    .   b - +0 scale mail
rPois    .         Spirit   +   (no helmet)
rElec    .         Reflect  +   (no cloak)
rCorr    .         Harm     .   (no gloves)
MR       .....                  (no boots)
Stlth    +.........             a - +4 amulet of reflection
HPRegen  0.48/turn              (no ring)
MPRegen  0.09/turn              (no ring)

@: no status effects
A: fangs 2, thin skeletal structure 1, mutation resistance 1, regeneration 1,
magic shield, antimagic bite, no potion heal 3, rot immunity
a: no special abilities


You were on level 3 of the Dungeon.
You were not hungry.

You visited 1 branch of the dungeon, and saw 3 of its levels.

You collected 147 gold pieces.

Inventory:

Hand Weapons
 i - a +2 dagger of draining (weapon)
Armour
 b - a +0 scale mail (worn)
 c - a +0 shield (worn)
Jewellery
 a - a +4 amulet of reflection (around neck)
Scrolls
 g - a scroll of amnesia {unknown}
Potions
 e - a potion of mutation
 h - a potion of lignification {unknown}
 k - a potion of might
Comestibles
 d - a bread ration
 f - 2 fruits
 j - 2 royal jellies


   Skills:
 + Level 3.1 Fighting
 + Level 2.3 Short Blades
 + Level 2.7 Armour
 + Level 1.0 Dodging
 * Level 3.6 Shields


You had 3 spell levels left.
You didn't know any spells.

Dungeon Overview and Level Annotations

Branches:
Dungeon (3/15)

Altars:
Qazlal

Annotations:
D:3 Grinder


Innate Abilities, Weirdness & Mutations

You have extremely sharp teeth.
Your natural rate of healing is unusually fast.
When hurt, damage is shared between your health and your magic reserves.
Your bite disrupts and absorbs the magic of your enemies.
Potions cannot restore your health.
You are immune to rotting.
You have a somewhat thin skeletal structure. (Dex +2, Stealth)
You are somewhat resistant to further mutation.


Message History

You closely miss Grinder. You bite Grinder, but do no damage. Grinder hits you.
You writhe in agony.
You are too injured to fight recklessly!
You are too injured to fight recklessly!
You are too injured to fight recklessly!
Grinder blinks!
Grinder gestures at you. Pain shoots through your body!
* * * LOW HITPOINT WARNING * * *
Grinder gestures at you. You resist with significant effort.
There is a stone staircase leading down here.
Grinder blinks!
Grinder says, "You look like you could use a good racking."
Grinder gestures at you. Pain shoots through your body!
* * * LOW HITPOINT WARNING * * *
Grinder gestures at you. Pain shoots through your body!
You die...

#.....####### #.
##.....#.....# #.
#............# #.
#............# ##
#............# #
##.#...#.....######
#.#...###.......##
#<#...# #.#####.##
#@##### #.#####.##
#.# #.##..5... #.#
#.##.##.##
#.#######..ยง....#
#5#....>........#
#.....##..##.##.#
###.#........##.#
#.####..#####.#
#.####........#


You could see Grinder.

Vanquished Creatures
  3 adders (D:2)
  4 leopard geckos
  A giant cockroach (D:2)
  12 goblins
  8 hobgoblins
  2 jackals (D:1)
  3 quokkas (D:2)
  8 bats
  3 frilled lizards
  7 kobolds
  6 rats
57 creatures vanquished.

Notes
Turn   | Place    | Note
-------+----------+-------------------------------------------
     0 | D:1      | kuniqs the Vine Stalker Fighter began the quest for the Orb.
     0 | D:1      | Reached XP level 1. HP: 11/11 MP: 2/2
   112 | D:1      | Gained mutation: You have a somewhat thin skeletal structure. (Dex +2, Stealth) [potion of mutation]
   112 | D:1      | Gained mutation: You are somewhat resistant to further mutation. [potion of mutation]
   210 | D:1      | Reached XP level 2. HP: 16/16 MP: 3/3
   574 | D:1      | Reached XP level 3. HP: 18/19 MP: 4/4
  1263 | D:2      | Found a stormy altar of Qazlal.
  1286 | D:2      | Gained mutation: Your natural rate of healing is unusually fast. [Vine Stalker growth]
  1286 | D:2      | Reached XP level 4. HP: 21/24 MP: 2/5
  1659 | D:2      | Reached skill level 1 in Dodging
  2064 | D:3      | Noticed Grinder
  2078 | D:3      | HP: 1/24 [Grinder/nerve-wracking pain (11)]
  2103 | D:3      | Killed from afar by Grinder

Vault maps used:
D:1:      shiori_arrival_elements, minmay_tromino_i2
D:2:      cheibrodos_greedy_goblins, hex_tiny, nicolae_qazlal_eye_of_the_storm
D:3:      kennysheep_generic_room_13, uniq_grinder, uniq_natasha

Skill      XL: |  1  2  3  4 |
---------------+-------------+-----
Shields        | 3 |  3.6
Short Blades   | 2 |  2.3
Fighting       | 3 |  3.1
Dodging        | 1 |  1.0
Armour         | |  2.7

Action                   |  1- 3 |  4- 6 || total
-------------------------+-------+-------++-------
Melee: Rapier            |    33 |       ||    33
       Bite              |    21 |    17 ||    38
       Dagger            |    71 |    50 ||   121
  Use: Potion            |     1 |       ||     1
  Eat: Chunk             |     1 |     3 ||     4
Armor: Scale mail        |    31 |    10 ||    41
Dodge: Dodged            |    29 |     4 ||    33
Block: Shield            |    57 |    27 ||    84
